 Dungeon Crawl Stone Soup version 0.27-a0-1105-g946c659c87 (webtiles) character file.

Game seed: 3847313532393718172

385 Mgcat the Chopper (level 6, -2/45 HPs)
             Began as an Octopode Fighter on Apr 28, 2021.
             Slain by an orc wizard
             ... wielding a +0 dagger
              (3 damage)
             ... on level 3 of the Dungeon on Apr 29, 2021.
             The game lasted 00:03:37 (2185 turns).

Mgcat the Chopper (Octopode Fighter)                Turns: 2185, Time: 00:03:38

Health: -2/45      AC:  1    Str: 17    XL:     6   Next: 77%
Magic:  6/6        EV: 11    Int: 10    God:
Gold:   174        SH:  9    Dex: 12    Spells: 5/5 levels left

rFire    . . .     SeeInvis .   a - +0 war axe
rCold    . . .     Faith    .   b - +0 kite shield
rNeg     . . .     Spirit   .   (helmet restricted)
rPois    .         Reflect  .   (no amulet)
rElec    .         Harm     .   (no ring)
rCorr    .         Rampage  .   (no ring)
Will     .....                  (no ring)
Stlth    ++........             (no ring)
HPRegen  0.15/turn              (no ring)
MPRegen  0.10/turn              (no ring)
                                (no ring)
                                (no ring)

@: no status effects
A: almost no armour, amphibious, 8 rings, camouflage 1, gelatinous body 1,
(nimble swimmer 1), tentacles
a: no special abilities


You were on level 3 of the Dungeon.
You visited 1 branch of the dungeon, and saw 3 of its levels.

You collected 174 gold pieces.

Inventory:

Hand Weapons
 a - a +0 war axe (weapon)
Armour
 b - a +0 kite shield (worn)
Wands
 m - a wand of paralysis (8)
   (You found it on level 2 of the Dungeon)
Scrolls
 d - a scroll of acquirement {unknown}
 f - a scroll of enchant weapon {unknown}
 h - a scroll of magic mapping {unknown}
 i - 2 scrolls of amnesia {unknown}
Potions
 c - 2 potions of might
 e - 3 potions of curing {unknown}
 g - a potion of haste {unknown}
 j - a potion of flight {unknown}
 k - a potion of resistance {unknown}
 l - 3 potions of heal wounds {unknown}


   Skills:
 + Level 4.8 Fighting
 * Level 5.8 Axes
 - Level 3.0 Dodging
 - Level 3.0 Shields


You had 5 spell levels left.
You didn't know any spells.
Your spell library contained the following spells:

 Spells                   Type           Power      Damage    Failure   Level
 Magic Dart               Conj           0%         1d3       87%         1
 Blink                    Tloc           N/A        N/A       95%         2
 Call Imp                 Summ           0%         N/A       95%         2
 Slow                     Hex            0%         N/A       95%         2
 Confusing Touch          Hex            0%         N/A       99%         3
 Conjure Flame            Conj/Fire      0%         6-21      99%         3
 Gell's Gravitas          Tloc           0%         N/A       99%         3
 Mephitic Cloud           Conj/Pois/Air  0%         N/A       99%         3
 Petrify                  Tmut/Erth      0%         N/A       100%        4
 Metabolic Englaciation   Hex/Ice        0%         N/A       100%        5
 Yara's Violent Unravell  Hex/Tmut       0%         3d3       100%        5


Dungeon Overview and Level Annotations

Branches:
Dungeon (3/15)

Altars:
Uskayaw
Xom


Innate Abilities, Weirdness & Mutations

You cannot wear most types of armour.
You are amphibious.
You can wear up to eight rings at the same time.
Your skin changes colour to match your surroundings (Stealth+).
Your rubbery body absorbs attacks. (AC +1, EV +1)
((You are camouflaged near water. (Stealth+)))
You have tentacles for arms and can constrict up to eight enemies at once.


Message History

Lua error: [string "/dgldir/rcfiles/crawl-git/Mgcat.rc"]:930: invalid capture index
Found a stone staircase leading down.
There is a stone staircase leading up here.
You climb upwards.
There is a stone staircase leading down here.
You start resting.
HP restored.
You regained 31 hp, and now have 37/44 hp.
You start resting.
HP restored.
Health restored: 44 You climb downwards.
There is a stone staircase leading up here.
Things that are here:
a +0 club; a goblin skeleton
Things that are here:
a +0 robe; a +0 scythe You see here a frilled lizard skeleton.
You see here a +0 dagger.
Found a stone staircase leading down.
An orc wizard comes into view. It is wielding a +0 dagger.
Spoiler Alert: The orc wizard (wandering) might cast Slow, Confuse, Throw Flame, Throw Frost, or go Invisible!
An orc comes into view. It is wielding a +0 hand axe.
The orc moves out of view.
Lua error: [string "/dgldir/rcfiles/crawl-git/Mgcat.rc"]:930: invalid capture index An orc comes into view.
It is wielding a +0 hand axe.
The orc shouts!
The orc wizard shouts!
You hear a shout!
Warning x2: The orc wizard might cast Slow, Confuse, Throw Flame, Throw Frost, or go Invisible!
The orc wizard (wandering) might cast Slow, Confuse, Throw Flame, Throw Frost, or go Invisible!
An orc comes into view. It is wielding a +0 dagger.
The orc throws a stone.
The stone hits you.
You take 2 damage, and have 42/44 hp.
Warning x2: The orc wizard might cast Slow, Confuse, Throw Flame, Throw Frost, or go Invisible!
The orc wizard (wandering) might cast Slow, Confuse, Throw Flame, Throw Frost, or go Invisible!
The orc wizard hits you with a +0 dagger.
You take 2 damage, and have 40/44 hp.
Warning x2: The orc wizard might cast Slow, Confuse, Throw Flame, Throw Frost, or go Invisible!
The orc wizard (wandering) might cast Slow, Confuse, Throw Flame, Throw Frost, or go Invisible!
You barely miss the orc wizard.
The orc wizard shouts!
You grab the orc wizard. You constrict the orc wizard.
The orc wizard points at you and mumbles some strange words.
You resist with some effort.
Warning x2: The orc wizard might cast Slow, Confuse, Throw Flame, Throw Frost, or go Invisible! x2
You hit the orc wizard.
The orc wizard is heavily wounded.
You barely miss the orc. You constrict the orc wizard.
The orc wizard hits you with a +0 dagger.
The orc hits you with a +0 hand axe.
The orc wizard hits you with a +0 dagger.
You take 7 damage, and have 33/44 hp.
Warning x2: The orc wizard might cast Slow, Confuse, Throw Flame, Throw Frost, or go Invisible! x2
You are too injured to fight recklessly!
Warning x2: The orc wizard might cast Slow, Confuse, Throw Flame, Throw Frost, or go Invisible! x2
You are too injured to fight recklessly!
Warning x2: The orc wizard might cast Slow, Confuse, Throw Flame, Throw Frost, or go Invisible! x2
You are too injured to fight recklessly!
Warning x2: The orc wizard might cast Slow, Confuse, Throw Flame, Throw Frost, or go Invisible! x2
You are too injured to fight recklessly!
Warning x2: The orc wizard might cast Slow, Confuse, Throw Flame, Throw Frost, or go Invisible! x2
You are too injured to fight recklessly!
Warning x2: The orc wizard might cast Slow, Confuse, Throw Flame, Throw Frost, or go Invisible! x2
You hit the orc wizard.
The orc wizard is almost dead.
You slash the orc!
You kill the orc!
You constrict the orc wizard.
You kill the orc wizard!
The orc wizard casts a spell at itself.
The orc wizard flickers and vanishes!
Deactivating autopickup; reactivate with Ctrl-A.
You block the orc's attack. The orc hits you with a +0 dagger.
Something hits you.
Things that are here:
a +0 hand axe; an orc corpse You take 7 damage, and have 27/45 hp.
You barely miss the orc. You grab the orc. You slash something!
You closely miss the orc. You constrict the orc.
The orc hits you with a +0 dagger. Something hits you.
You block the orc's attack.
You take 5 damage, and have 22/45 hp.
You barely miss something. Your squeeze misses something. You slash the orc!
You kill the orc!
You hit the orc. Something hits you. The orc misses you. Something hits you.
The orc misses you.
You take 8 damage, and have 14/45 hp.
You barely miss the orc. Your grab misses the orc. Your squeeze misses the orc.
The orc is heavily wounded.
You barely miss something. Something hits you.
* * * LOW HITPOINT WARNING * * *
The orc misses you.
You take 2 damage, and have 12/45 hp.
You hit something but do no damage. You hit the orc.
You kill the orc!
You hear some strange, mumbled words.
A puff of flame appears from out of thin air!
The puff of flame hits you!
* * * LOW HITPOINT WARNING * * *
Something hits you.
* * * LOW HITPOINT WARNING * * *
You take 11 damage, and have 1/45 hp.
MASSIVE DAMAGE!!
You miss something. Something hits you.
You die...

## . # ############# #
#............ # ####
###............ # #..
#......))...... #
#.#####)#....@{......
####.#...รท..............
..................>.....
......)[##.#..........(.
####.#..##.#............
# #.#...#.#.......##### #
#.#>#.#.#.#######
####.#.#........
.....#.#........


There were no monsters in sight!

Vanquished Creatures
  Sigmund (D:3)
  Jessica (D:2)
  Natasha (thrice) (D:2)
  Terence (D:2)
  An orc wizard (D:3)
  2 adders (D:2)
  2 worms (D:2)
  A dart slug (D:2)
  3 orcs (D:3)
  3 bats
  5 endoplasms
  6 giant cockroaches
  4 goblins
  3 hobgoblins
  7 ball pythons
  2 frilled lizards (D:3)
  3 kobolds
  9 rats
57 creatures vanquished.

Vanquished Creatures (others)
  2 fungi (D:2)
  5 toadstools (D:2)
7 creatures vanquished.

Grand Total: 64 creatures vanquished

Notes
Turn   | Place    | Note
-------+----------+-------------------------------------------
     0 | D:1      | Mgcat the Octopode Fighter began the quest for the Orb.
     0 | D:1      | Reached XP level 1. HP: 16/16 MP: 1/1
     2 | D:1      | Noticed a demonspawn
     2 | D:1      | Noticed a demigod
     4 | D:1      | Noticed an octopode
     4 | D:1      | Noticed a vine stalker
     6 | D:1      | Noticed a troll
     6 | D:1      | Noticed a barachi
     8 | D:1      | Noticed a centaur
    10 | D:1      | Noticed a human
    10 | D:1      | Noticed a draconian
    12 | D:1      | Noticed a spriggan
    12 | D:1      | Noticed a tengu
    14 | D:1      | Noticed an elf
    14 | D:1      | Noticed a formicid
    16 | D:1      | Noticed a naga
    16 | D:1      | Noticed a ghoul
    18 | D:1      | Noticed a felid
    20 | D:1      | Noticed a gargoyle
    22 | D:1      | Noticed a palentonga
    22 | D:1      | Noticed a vampire
    24 | D:1      | Noticed a minotaur
    24 | D:1      | Noticed a merfolk
    26 | D:1      | Noticed a dwarf
    26 | D:1      | Noticed an ogre
    87 | D:1      | Reached XP level 2. HP: 17/21 MP: 2/2
    96 | D:1      | Found a faded altar of an unknown god.
   398 | D:1      | Reached skill level 3 in Axes
   398 | D:1      | Reached XP level 3. HP: 15/26 MP: 3/3
  1362 | D:2      | Found a shimmering altar of Xom.
  1395 | D:2      | Noticed Jessica
  1396 | D:2      | Noticed Natasha
  1403 | D:2      | Killed Natasha
  1404 | D:2      | Reached XP level 4. HP: 33/33 MP: 4/4
  1404 | D:2      | Killed Jessica
  1405 | D:2      | Reached skill level 4 in Axes
  1459 | D:2      | Noticed Terence
  1464 | D:2      | Killed Terence
  1465 | D:2      | Reached skill level 4 in Fighting
  1465 | D:2      | Reached XP level 5. HP: 27/37 MP: 5/5
  1537 | D:2      | Noticed Natasha
  1542 | D:2      | Killed Natasha
  1633 | D:2      | Noticed Natasha
  1639 | D:2      | Killed Natasha
  1800 | D:3      | Found a hide-covered altar of Uskayaw.
  1802 | D:3      | Noticed a +0 dagger
  1803 | D:3      | Noticed a +0 hand axe
  1845 | D:3      | Noticed Sigmund
  1850 | D:3      | Upgraded the game from 0.27-a0-1101-ge311f74bc8 to
                  | 0.27-a0-1105-g946c659c87
  1858 | D:3      | HP: 7/37 [something (13)]
  1859 | D:3      | HP: 2/37 [something (5)]
  1860 | D:3      | Killed Sigmund
  1861 | D:3      | Reached skill level 5 in Axes
  1861 | D:3      | Reached XP level 6. HP: 3/44 MP: 6/6
  2184 | D:3      | HP: 4/45 [something/puff of flame (9)]
  2184 | D:3      | HP: 1/45 [something (3)]
  2185 | D:3      | Slain by an orc wizard

Illustrated notes

Levels and vault maps discovered:
D:1:      kb_arrival_jail, layout_basic, chequers_ecumenical_altar_simple_redux,
          kennysheep_doodads, st_stairs_14
D:2:      layout_rooms, basic_altar, chequers_garden, minmay_misc_feat_encased,
          minmay_gold_behind_fungi, uniq_jessica, uniq_terence, uniq_natasha
D:3:      layout_basic, dancing_weapons_uskayaw, serial_shops, shop,
          serial_bayou_crossing, uniq_sigmund

Skill      XL: |  1  2  3  4  5 |
---------------+----------------+-----
Axes           | 3 4 5 |  5.8
Fighting       | 4 |  4.8
Dodging        | |  3.0
Shields        | |  3.0

Action                   |  1- 3 |  4- 6 || total
-------------------------+-------+-------++-------
Melee: War axe           |    62 |    37 ||    99
       Constrict         |    25 |     8 ||    33
       Tentacles         |     9 |     8 ||    17
 Stab: Sleeping          |     4 |     4 ||     8
Armor: Skin              |     5 |       ||     5
Dodge: Dodged            |    23 |     7 ||    30
Block: Kite shield       |    20 |    12 ||    32

Table legend: (Time is in decaauts)
 A = Elapsed time spent in this place.
 B = Non-inter-level travel time spent in this place.
 C = Inter-level travel time spent in this place.
 D = Time resting spent in this place.
 E = Time spent auto-exploring this place.
 F = Levels seen in this place.
 G = Mean time per level.
                   A        B        C        D        E       F      G
               +--------+--------+--------+--------+--------+-----+--------+
         Total |   2250 |   2198 |     52 |    671 |   1123 |   3 |  750.0 |
       Dungeon |   2250 |   2198 |     52 |    671 |   1123 |   3 |  750.0 |
               +--------+--------+--------+--------+--------+-----+--------+

Top non-repeatable levels by time:
     D:2: 1165 daAuts
     D:1: 943 daAuts
     D:3: 141 daAuts

Table legend:
 A = Kills in this place as a percentage of kills in entire the game.
 B = Kills by you in this place as a percentage of kills by you in the entire game.
 C = Kills by friends in this place as a percentage of kills by friends in the entire game.
 D = Other kills in this place as a percentage of other kills in the entire game.
 E = Experience gained in this place as a percentage of experience gained in the entire game.
 F = Experience gained in this place divided by the number of levels of this place that you have seen.
                   A       B       C       D       E      F
               +-------+-------+-------+-------+-------+----------------------
         Total | 100.0 | 100.0 |   N/A |   N/A | 100.0 | 183.3
       Dungeon | 100.0 | 100.0 |   N/A |   N/A | 100.0 | 183.3
               +-------+-------+-------+-------+-------+----------------------
